Map: Ascension to Aiur LE

Players

Juxtapose - Winner!

  • Race: Terran Terran
  • League: Gold
  • Spawn Location: 5:00

uTalkTooMuch

  • Race: Terran Terran
  • League: Gold
  • Spawn Location: 11:00

VOD

https://youtu.be/h4kks-43Ffw

Description

This was a good match, and my opponent and I had a great conversation post-match.

Good luck with your macro training uTalkTooMuch!

Time

  • Played on: Dec. 24, 2017, 4:40 p.m.
  • Length: 6:44
Show
View Real Time Build Order
Export as new Build Order

Juxtapose Terran - Winner!

Build Orders:  

Get SALT Encoding   

  12  0:01  SCV  
  13  0:13  SCV  
  14  0:20  Supply Depot  
  14  0:25  SCV  
  15  0:41  SCV  
  16  0:44  Barracks  
  16  0:48  Supply Depot  
  16  0:53  SCV  
  17  1:00  Refinery  
  17  1:06  SCV  
  17  1:10  Refinery  
  18  1:19  SCV  
  19  1:32  Orbital Command  
  19  1:52  Barracks Reactor  
  19  1:57  Supply Depot  
  19  1:58  SCV  
  20  2:05  Factory  
  20  2:10  SCV  
  21  2:21  Supply Depot  
  21  2:22  SCV  
  22  2:31  Marine  
  22  2:32  Marine  
  22  2:34  SCV  
  22  2:36  Engineering Bay  
  25  2:49  Factory Reactor, Marine x2  
  27  2:53  SCV  
  28  3:07  Supply Depot  
  28  3:08  Terran Infantry Weapons Level 1  
  28  3:11  Marine x2  
  30  3:26  Cyclone x2  
  36  3:29  Marine x2  
  38  3:47  Marine x2  
  40  3:58  Cyclone x2  
  46  4:04  Marine  
  46  4:05  Marine  
  48  4:15  Supply Depot  
  48  4:22  Marine x2  
  50  4:30  Cyclone  
  53  4:35  Missile Turret  
  53  4:36  Cyclone  
  56  4:40  Marine x2  
  58  4:52  Supply Depot  
  58  4:58  Marine x2  
  60  5:16  Command Center  
  60  5:21  Marine x2  
  62  5:39  Marine x2  
  64  5:57  Marine x2  
  56  6:23  Marine x2  
Show
View Real Time Build Order
Export as new Build Order

uTalkTooMuch Terran 

Build Orders:  

Get SALT Encoding   

  12  0:01  SCV  
  13  0:13  SCV  
  14  0:18  Supply Depot  
  14  0:20  Supply Depot  
  14  0:25  SCV  
  15  0:31  Refinery  
  15  0:42  SCV  
  16  0:50  Barracks  
  16  0:54  SCV  
  17  1:06  SCV  
  18  1:18  SCV  
  19  1:30  SCV  
  20  1:36  Barracks Reactor  
  20  1:41  Supply Depot  
  20  1:45  Orbital Command  
  20  1:53  Factory  
  20  2:13  Command Center  
  20  2:17  SCV  
  20  2:19  Marine  
  22  2:28  Refinery  
  22  2:29  SCV  
  23  2:37  Factory Tech Lab  
  23  2:41  SCV  
  24  2:50  Starport  
  24  2:53  SCV  
  25  3:05  Supply Depot  
  25  3:06  SCV  
  25  3:10  Siege Tank  
  29  3:18  SCV  
  30  3:25  Orbital Command  
  30  3:33  Starport Reactor  
  30  3:43  Barracks x2  
  30  3:49  SCV  
  30  3:50  SCV  
  32  4:01  SCV  
  32  4:02  Engineering Bay  
  33  4:03  SCV  
  33  4:07  Siege Tank  
  37  4:13  SCV  
  37  4:15  SCV  
  39  4:25  SCV  
  39  4:27  SCV  
  41  4:32  Barracks  
  41  4:34  Barracks, Barracks Tech Lab  
  41  4:35  Barracks Tech Lab  
  41  4:38  SCV  
  42  4:39  SCV  
  42  4:41  Refinery  
  42  4:43  Refinery  
  43  4:52  Factory  
  43  4:56  Combat Shields  
  43  5:00  SCV x2  
  45  5:12  SCV x2  
  47  5:14  Supply Depot  
  47  5:21  Supply Depot  
  47  5:26  Barracks Reactor x2  
  47  5:32  Siege Tank  
  47  5:33  SCV  
  47  5:35  SCV  
  52  5:39  Supply Depot  
  52  5:41  Factory Tech Lab  
  52  5:45  SCV  
  52  5:48  SCV  
  50  5:58  SCV, Marine x3  
  50  5:59  Marine  
  51  6:12  Marine x4  
Tags
 
League
GoldGold
Matchup
TvT
Race
Terran
Spawn Locations
Cross Positions
Add a new tag
Caveats
  • Supply blocks, unpowered buildings, or Contaminate may cause inaccurate times.
  • Supply counts are checked every 10 seconds.